 Dungeon Crawl Stone Soup version 0.26-a0-665-gefeb406119 (webtiles) character file.

Game seed: 11759441507649859185

3570 reriks the Cudgeler (level 9, 0/89 HPs)
             Began as a Troll Fighter on Oct 15, 2020.
             Was a Follower of Yredelemnul.
             Slain by an orc warrior
             ... wielding a +1 dire flail of protection
              (23 damage)
             ... on level 7 of the Dungeon.
             The game lasted 00:16:31 (7377 turns).

reriks the Cudgeler (Troll Fighter)                 Turns: 7377, Time: 00:16:32

Health: 0/89       AC:  8    Str: 28    XL:     9   Next: 84%
Magic:  8/8        EV: 11    Int:  4    God:    Yredelemnul [*.....]
Gold:   510        SH: 10    Dex: 10    Spells: 8/8 levels left

rFire    x . .     SeeInvis +   w - +0 morningstar
rCold    + . .     Faith    +   c - +0 kite shield
rNeg     . . .     Spirit   .   b - +0 robe
rPois    .         Reflect  .   i - +1 hat {SInv}
rElec    .         Harm     .   z - +0 cloak
rCorr    .         Rampage  .   (gloves unavailable)
MR       .....                  (boots unavailable)
Stlth    +.........             B - amulet of faith
HPRegen  0.64/turn              y - ring of ice
MPRegen  0.11/turn              (no ring)

@: no status effects
A: large, unfitting armour, claws 3, regeneration 1, shaggy fur 1, tough skin 3
a: Animate Remains, Renounce Religion


You were on level 7 of the Dungeon.
You worshipped Yredelemnul.
Yredelemnul was aware of your devotion.
You visited 2 branches of the dungeon, and saw 10 of its levels.

You collected 510 gold pieces.

Inventory:

Hand Weapons
 a - a +0 flail
 m - a +0 hunting sling
 r - a +2 war axe of flaming
 w - a +0 morningstar (weapon)
 C - a cursed +0 giant spiked club
 E - a +1 flail of holy wrath
Missiles
 j - 124 stones (quivered)
Armour
 b - a +0 robe (worn)
 c - a +0 kite shield (worn)
 e - a +0 cloak
 h - a +0 pair of gloves
 i - a +1 hat of see invisible (worn)
 z - a +0 cloak (worn)
Jewellery
 y - a ring of ice (left claw)
 B - an amulet of faith (around neck)
Wands
 u - a wand of disintegration (3)
 v - a wand of random effects (9)
Scrolls
 k - 2 scrolls of fear
 l - 2 scrolls of remove curse
 o - 2 scrolls of enchant armour {unknown}
 q - a scroll of fog {unknown}
 s - 3 scrolls of teleportation {unknown}
 x - 3 scrolls of amnesia {unknown}
 A - 5 scrolls of identify
 D - a scroll of immolation {unknown}
 F - a scroll of enchant weapon {unknown}
Potions
 d - 3 potions of might
 f - 3 potions of heal wounds
 g - 3 potions of degeneration
 n - 2 potions of haste
 p - a potion of flight
 t - 3 potions of lignification {unknown}
 G - a potion of stabbing {unknown}


   Skills:
 + Level 5.9 Fighting
 + Level 6.2 Maces & Flails
 + Level 4.4 Armour
 + Level 5.9 Dodging
 + Level 5.9 Shields


You had 8 spell levels left.
You didn't know any spells.
Your spell library contained the following spells:

 Spells                   Type           Power        Failure   Level
 Leda's Liquefaction      Hex/Erth       #.........   100%        4
 Bolt of Magma            Conj/Fire/Erth #.........   100%        5
 Iron Shot                Conj/Erth      #.........   100%        6
 Statue Form              Tmut/Erth      #........    100%        6
 Shatter                  Erth           #.........   100%        9


Dungeon Overview and Level Annotations

Branches:
Dungeon (9/15)             Temple (1/1) D:6
   Lair: D:8-11         Orc: D:9-12

Altars:
Ashenzari
Cheibriados
Dithmenos
Elyvilon
Fedhas
Gozag
Hepliaklqana
Kikubaaqudgha
Makhleb
Nemelex Xobeh
Okawaru
Qazlal
Sif Muna
Trog
Uskayaw
Vehumet
Wu Jian
Xom
Yredelemnul
Zin
The Shining One

Shops:
D:7 !

Annotations:
D:6 2 transporters


Innate Abilities, Weirdness & Mutations

You are too large for most types of armour.
You have claws for hands.
Your natural rate of healing is unusually fast.
You are covered in fur. (AC +1)
You have extremely tough skin. (AC +3)


Message History

Evoke which item? (* to show all) (? for menu, Esc to quit)
Aiming: Disintegrate
Press: ? - help, Shift-Dir - straight line, f - orc warrior
Aim: an orc warrior, wielding a +1 dire flail of protection and wearing a +0 chain mail (moderately wounded, chance to defeat MR: 65%)
The orc warrior is blasted!
Evoke which item? (* to show all) (? for menu, Esc to quit)
Aiming: Disintegrate
Press: ? - help, Shift-Dir - straight line, f/p - orc warrior
Aim: an orc warrior, wielding a +1 dire flail of protection and wearing a +0 chain mail (severely wounded, chance to defeat MR: 65%)
The orc warrior struggles to resist.
The orc warrior hits you with a +1 dire flail of protection.
* * * LOW HITPOINT WARNING * * *
Evoke which item? (* to show all) (? for menu, Esc to quit)
Aiming: Disintegrate
Press: ? - help, Shift-Dir - straight line, f/p - orc warrior
Aim: an orc warrior, wielding a +1 dire flail of protection and wearing a +0 chain mail (severely wounded, chance to defeat MR: 65%)
The orc warrior struggles to resist.
The orc warrior hits you with a +1 dire flail of protection!!
You die...
Your body rises from the dead as a mindless zombie.

### ..# ####### #.#
#.....# ### #.#
#.###.####.## #.#
#..>...h....# ..#
##...#.####.## ..#
#......# #h# ..#
##...### #o# ..# ##..#
#@#########
..######..#
#.#.....=.#
..........#
#.#.#####.#
.#######+##
#.....###.# .# ##...##
###.......# ##
##.....## ###.##### #
##.....[.## ##.#.#
####.........####....#
...'.................#


You could see an orc warrior and a hound.

Vanquished Creatures
  A troll (D:7)
  Grinder (D:5)
  Eustachio (D:4)
  3 sky beasts
  2 eyes of draining (D:6)
  An orc warrior (D:7)
  2 black bears (D:6)
  3 ice beasts
  A wolf (D:8)
  3 ogres
  2 centaurs
  A bullfrog (D:6)
  A gnoll sergeant (D:6)
  2 scorpions
  A howler monkey (D:6)
  A centaur zombie (D:5)
  A quasit (D:8)
  A bullfrog zombie (D:7)
  5 orc priests
  7 hounds
  5 orc wizards
  Jessica (D:2)
  Natasha (twice) (D:2)
  2 iguanas (D:7)
  5 worker ants
  A hound zombie (D:5)
  A hound skeleton (D:4)
  12 gnolls
  15 adders
  3 shadow imps
  2 oozes
  An adder zombie (D:5)
  An adder skeleton (D:6)
  2 worms (D:4)
  2 dart slugs
  A leopard gecko (D:1)
  20 orcs
  4 ball pythons
  4 giant cockroaches
  4 goblins
  9 hobgoblins
  13 jackals
  8 quokkas
  7 bats
  2 frilled lizards (D:3)
  9 kobolds
  A leopard gecko skeleton (D:4)
  A leopard gecko zombie (D:5)
  A quokka skeleton (D:4)
  9 rats
188 creatures vanquished.

Notes
Turn   | Place    | Note
-------+----------+-------------------------------------------
     0 | D:1      | reriks the Troll Fighter began the quest for the Orb.
     0 | D:1      | Reached XP level 1. HP: 22/22 MP: 0/0
    65 | D:1      | Reached skill level 2 in Maces & Flails
    65 | D:1      | Reached XP level 2. HP: 29/29 MP: 1/1
   500 | D:1      | Reached XP level 3. HP: 36/36 MP: 2/2
   834 | D:2      | Reached XP level 4. HP: 43/45 MP: 3/3
   841 | D:2      | Found an iron altar of Okawaru.
  1007 | D:2      | Noticed Natasha
  1023 | D:2      | Killed Natasha
  1198 | D:2      | Reached XP level 5. HP: 52/53 MP: 4/4
  1248 | D:2      | Noticed Jessica
  1257 | D:2      | Killed Jessica
  1356 | D:3      | Found a shimmering altar of Xom.
  1356 | D:3      | Noticed an angel
  1359 | D:3      | Found a glowing silver altar of Zin.
  1515 | D:3      | Reached skill level 3 in Maces & Flails
  1747 | D:2      | Noticed Natasha
  1752 | D:2      | Killed Natasha
  1905 | D:3      | Reached XP level 6. HP: 42/61 MP: 5/5
  2976 | D:4      | Noticed Eustachio
  3176 | D:4      | Reached XP level 7. HP: 62/68 MP: 6/6
  3253 | D:4      | Reached skill level 1 in Armour
  3290 | D:4      | Killed Eustachio
  3543 | D:4      | Reached skill level 4 in Maces & Flails
  3873 | D:5      | Entered Level 5 of the Dungeon
  4268 | D:6      | Reached XP level 8. HP: 64/79 MP: 7/7
  4461 | D:5      | Noticed Grinder
  4467 | D:5      | Killed Grinder
  4530 | D:5      | Found a hide-covered altar of Uskayaw.
  5000 | D:6      | Found a broken altar of Ashenzari.
  5027 | D:6      | Found a transporter.
  5046 | D:6      | Noticed a kobold demonologist
  5052 | D:6      | Found a transporter.
  5179 | D:6      | Reached skill level 5 in Maces & Flails
  5189 | D:6      | Reached skill level 5 in Fighting
  5198 | D:6      | Reached skill level 5 in Dodging
  5198 | D:6      | Reached skill level 5 in Shields
  5351 | D:6      | Found a staircase to the Ecumenical Temple.
  5356 | Temple   | Entered the Ecumenical Temple
  5379 | Temple   | Became a worshipper of Yredelemnul the Dark
  5484 | D:6      | Reached XP level 9. HP: 85/88 MP: 8/8
  5809 | D:6      | Found a bloodstained altar of Trog.
  5997 | D:7      | Found Vocurr's Distillery.
  6579 | D:7      | Reached skill level 6 in Maces & Flails
  6980 | D:8      | Noticed a troll
  7260 | D:7      | Killed a troll
  7301 | D:8      | Reached * piety under Yredelemnul
  7377 | D:7      | Slain by an orc warrior

Illustrated notes

Levels and vault maps discovered:
D:1:      erik_arrival_orb_chamber, layout_basic, minmay_three_crescents
D:2:      layout_basic, okawaru_ov_weapons_minmay, minmay_rat_gold_closets,
          uniq_natasha, uniq_jessica
D:3:      layout_basic, grunt_temple_overflow_order_and_chaos_1
D:4:      layout_basic, chequers_mini_garden, uniq_eustachio
D:5:      minmay_general_purpose_star, layout_basic, overflow_temple_1_default,
          uniq_grinder
D:6:      gammafunk_wand_slinger, layout_basic, lemuel_round_altar,
          temple_doors_e, trog_eyes_of_draining
D:7:      hangedman_cross_stitches, layout_loops_corners, serial_shops, shop
D:8:      layout_basic, erik_lair_island
D:9:      layout_basic, kennysheep_little_box, basic_altar, minmay_hedge_maze,
          the_bakery
Temple:   nicolae_temple_no_exploring_needed

Skill      XL: |  1  2  3  4  5  6  7  8  9 |
---------------+----------------------------+-----
Maces & Flails | 2 3 4 5 6 |  6.2
Fighting       | 3 4 5 |  5.9
Dodging        | 3 4 5 |  5.9
Shields        | 3 4 5 |  5.9
Armour         | 2 3 4 |  4.4

Action                   |  1- 3 |  4- 6 |  7- 9 || total
-------------------------+-------+-------+-------++-------
Melee: Flail             |   107 |   350 |   162 ||   619
       Morningstar       |       |       |   367 ||   367
Throw: Stone             |     3 |       |       ||     3
Evoke: Wand              |       |       |    21 ||    21
  Use: Scroll            |       |     3 |     3 ||     6
 Stab: Sleeping          |       |     3 |       ||     3
Armor: Robe              |    88 |   236 |   209 ||   533
Dodge: Dodged            |    58 |   165 |   245 ||   468
Block: Kite shield       |    85 |   225 |   326 ||   636

Table legend: (Time is in decaauts)
 A = Elapsed time spent in this place.
 B = Non-inter-level travel time spent in this place.
 C = Inter-level travel time spent in this place.
 D = Time resting spent in this place.
 E = Time spent auto-exploring this place.
 F = Levels seen in this place.
 G = Mean time per level.
                   A        B        C        D        E       F      G
               +--------+--------+--------+--------+--------+-----+--------+
         Total |   7729 |   7542 |    187 |    857 |   4179 |  10 |  772.9 |
       Dungeon |   7698 |   7517 |    181 |    857 |   4179 |   9 |  855.3 |
        Temple |     30 |     24 |      6 |      0 |      0 |   1 |   30.0 |
               +--------+--------+--------+--------+--------+-----+--------+

Top non-repeatable levels by time:
     D:7: 1232 daAuts
     D:3: 1165 daAuts
     D:4: 1086 daAuts
     D:6: 1070 daAuts
     D:5: 1024 daAuts
     D:2: 1007 daAuts
     D:1: 845 daAuts
     D:8: 259 daAuts
  Temple: 30 daAuts
     D:9: 8 daAuts
